 Dungeon Crawl Stone Soup version 0.30.1-9-gdf580d7c3d (webtiles) character file.

Game seed: 16846568049967090066

86 Gladio the Chopper (level 4, -5/40 HPs)
             Began as a Hill Orc Fighter on Oct 16, 2023.
             Slain by an orc priest
             ... wielding a +2 hand axe of distortion
              (10 damage)
             ... on level 3 of the Dungeon.
             The game lasted 00:03:01 (1595 turns).

Gladio the Chopper (Hill Orc Fighter)               Turns: 1595, Time: 00:03:01

Health: -5/40      AC:  8    Str: 20    XL:     4   Next: 50%
Magic:  4/4        EV:  9    Int:  8    God:
Gold:   143        SH:  4    Dex: 10    Spells: 3/3 levels left

rFire   . . .        a - +0 war axe
rCold   . . .        c - +0 buckler
rNeg    . . .        b - +0 scale mail
rPois   .            (no helmet)
rElec   .            (no cloak)
rCorr   .            f - +0 pair of gloves
SInv    .            (no boots)
Will    .....        (no amulet) Stlth
                     (no ring)
HPRegen 0.26/turn    (no ring)
MPRegen 0.09/turn

%: no passive effects
@: no status effects
A: no striking features
a: Convert to Beogh


You were on level 3 of the Dungeon.
You visited 1 branch of the dungeon, and saw 3 of its levels.

You collected 143 gold pieces.

Inventory:

Hand Weapons
 a - a +0 war axe (weapon)
Missiles
 q - 2 poisoned darts (quivered)
Armour
 b - a +0 scale mail (worn)
 c - a +0 buckler (worn)
 f - a +0 pair of gloves (worn)
Jewellery
 h - a ring of wizardry
 o - a ring of wizardry
Scrolls
 e - 2 scrolls of identify {unknown}
 g - a scroll of magic mapping {unknown}
 k - a scroll of fear {unknown}
 l - a scroll of blinking {unknown}
 n - a scroll of poison {unknown}
 r - a scroll of amnesia {unknown}
Potions
 d - a potion of might
 i - 2 potions of attraction {unknown}
 j - a potion of brilliance {unknown}
 m - a potion of berserk rage {unknown}
 p - a potion of magic {unknown}


   Skills:
 + Level 4.2 Fighting
 * Level 4.4 Axes
 + Level 3.8 Armour
 + Level 3.8 Shields


You had 3 spell levels left.
You didn't know any spells.
Your spell library contained the following spells:

 Spells                   Type           Power      Damage    Failure   Level
 Shock                    Conj/Air       0%         1d3       83%         1
 Ensorcelled Hibernation  Hex/Ice        0%         N/A       92%         2
 Spider Form              Tmut/Pois      0%         N/A       99%         3
 Swiftness                Air            0%         N/A       99%         3
 Airstrike                Air            0%         2d(0-16)  100%        4
 Anguish                  Hex/Necr       0%         N/A       100%        4


Dungeon Overview and Level Annotations

Branches:
Dungeon (3/15)

Altars:
Elyvilon

Shops:
D:1 :


Message History

You are too injured to fight recklessly!
The orc priest shouts, "Join the one true god or die!"
You slash the orc!
You kill the orc!
You feel sick.
The orc priest hits you with a +2 hand axe of distortion.
You blink.
You feel sick.
You barely miss the orc priest.
You feel sick.
The orc priest hits you but does no damage.
You hit the orc priest.
The orc priest is moderately wounded.
You feel sick.
You are no longer poisoned.
The orc priest hits you with a +2 hand axe of distortion!
* * * LOW HITPOINT WARNING * * *
You blink.
Throw: 5 darts (poison)
Press: ? - help, Q - select action Shift-Dir - straight line, f - orc priest
Aim: an orc priest, wielding a +2 hand axe of distortion (moderately wounded, 57% to hit)
You throw a poisoned dart. The poisoned dart hits the orc priest.
The orc priest is moderately wounded.
The orc priest threatens, "By the altar or by the axe, you will meet Beogh!"
Throw: 4 darts (poison)
Press: ? - help, Q - select action Shift-Dir - straight line, f/p - orc priest
Aim: an orc priest, wielding a +2 hand axe of distortion (moderately wounded, 57% to hit)
You throw a poisoned dart. The poisoned dart hits the orc priest.
The orc priest is moderately wounded.
Throw: 3 darts (poison)
Press: ? - help, Q - select action Shift-Dir - straight line, f/p - orc priest
Aim: an orc priest, wielding a +2 hand axe of distortion (moderately wounded, 57% to hit)
You throw a poisoned dart.
The poisoned dart closely misses the orc priest.
The orc priest threatens, "By the altar or by the axe, you will meet Beogh!"
You hit the orc priest but do no damage.
The orc priest is moderately wounded.
The orc priest shouts, "Beogh is our master!
Accept the truth or die!"
The orc priest hits you but does no damage.
Space warps horribly around you!
You die...

#.#.# #.# #)#.#
#.#
###.###.#.###.#
...............
#.#####.#.####.
#.# #.#.# #< #.#
#.#.# ##.
####.#####.#.###..
#@.........#....>.
#o##.####..#####.[
#.##.# #..# ##.
#(##.# #..# #.
#.##.# #..# #.
#.##.####..######.
#.##..............
#(#######..#######
... #...


You could see an orc priest.

Vanquished Creatures
  2 adders
  2 worms
  2 dart slugs
  2 orcs (D:3)
  A bat (D:2)
  3 endoplasms
  3 giant cockroaches (D:2)
  6 hobgoblins
  11 jackals
  5 kobolds
  6 ball pythons
  A frilled lizard (D:1)
  5 goblins
  2 rats (D:1)
51 creatures vanquished.

Notes
Turn   | Place    | Note
-------+----------+-------------------------------------------
     0 | D:1      | Gladio the Hill Orc Fighter began the quest for the Orb.
     0 | D:1      | Reached XP level 1. HP: 19/19 MP: 1/1
    51 | D:1      | Reached XP level 2. HP: 8/27 MP: 2/2
   501 | D:1      | Reached XP level 3. HP: 32/33 MP: 3/3
   600 | D:1      | Found Mayjuki's Book Shoppe.
   788 | D:2      | Found a white marble altar of Elyvilon.
  1053 | D:2      | Reached XP level 4. HP: 28/40 MP: 4/4
  1145 | D:2      | Found a faded altar of an unknown god.
  1595 | D:3      | Slain by an orc priest

Illustrated notes

Levels and vault maps discovered:
D:1:      dpeg_arrival_refuge, layout_basic, serial_shops,
          nicolae_book_shop_shelving
D:2:      layout_rooms, basic_altar, dreamdust_ecumenical_altar_statues
D:3:      layout_loops_ring, fedhas_ov_isle_minmay, grunt_decor_one_mirror,
          eino_tiny_chamber

Skill      XL: |  1  2  3 |
---------------+----------+-----
Axes           | 3 4 |  4.4
Fighting       | 4 |  4.2
Armour         | |  3.8
Shields        | |  3.8

Action                     |  1- 3 |  4- 6 || total
---------------------------+-------+-------++-------
  Melee: War axe           |   101 |    52 ||   153
  Throw: Dart              |       |     3 ||     3
 Armour: Scale mail        |    45 |    19 ||    64
  Dodge: Dodged            |    65 |    16 ||    81
  Block: Buckler           |    21 |    12 ||    33
